 Dungeon Crawl Stone Soup version 0.26.0-41-g79a4fc7684 (webtiles) character file.

Game seed: 255475413052723327

46 kaeus the Skirmisher (level 3, 0/26 HPs)
             Began as an Octopode Wanderer on Jan 27, 2021.
             Slain by a hound (4 damage)
             ... on level 2 of the Dungeon.
             The game lasted 00:01:38 (555 turns).

kaeus the Skirmisher (Octopode Wanderer)             Turns: 555, Time: 00:01:38

Health: 0/26       AC:  1    Str: 10    XL:     3   Next: 68%
Magic:  6/6        EV: 13    Int: 13    God:
Gold:   30         SH:  0    Dex: 14    Spells: 6/6 levels left

rFire    . . .     SeeInvis .   a - +2 spear
rCold    . . .     Faith    .   (no shield)
rNeg     . . .     Spirit   .   (helmet restricted)
rPois    .         Reflect  .   (no amulet)
rElec    .         Harm     .   d - ring of teleportation (curse)
rCorr    .         Rampage  .   h - ring of wizardry
Will     .....     Rnd*Tele +   (no ring)
Stlth    +++.......             (no ring)
HPRegen  0.08/turn              (no ring)
MPRegen  0.10/turn              (no ring)
                                (no ring)
                                (no ring)

@: no status effects
A: almost no armour, stealthy swim, amphibious, 8 rings, constrict 8, camouflage
1, gelatinous body 1
a: no special abilities


You were on level 2 of the Dungeon.
You visited 1 branch of the dungeon, and saw 2 of its levels.

You collected 30 gold pieces.

Inventory:

Hand Weapons
 a - a +2 spear (weapon)
Jewellery
 d - a cursed ring of teleportation (left tentacle)
 h - a ring of wizardry (right tentacle)
Potions
 b - a potion of curing {unknown}
 c - a potion of lignification
 e - a potion of degeneration {unknown}
 i - a potion of might {unknown}


   Skills:
 + Level 3.2 Fighting
 + Level 2.2 Polearms
 - Level 1.0 Throwing
 * Level 1.5 Dodging
 * Level 2.9 Stealth
 + Level 2.2 Spellcasting
 - Level 1.0 Air Magic


You had 6 spell levels left.
You didn't know any spells.
Your spell library contained the following spells:

 Spells                   Type           Power        Failure   Level
 Corpse Rot               Necr/Air       N/A          12%         2
 Poisonous Vapours        Pois/Air       4%           12%         2


Dungeon Overview and Level Annotations

Branches:
Dungeon (2/15)

Altars:

Annotations:
D:2 Sigmund


Innate Abilities, Weirdness & Mutations

You cannot wear most types of armour.
You are very stealthy in the water. (Stealth+)
You are amphibious.
You can wear up to eight rings at the same time.
You can use your tentacles to constrict eight enemies at once.
Your skin changes colour to match your surroundings (Stealth+).
Your rubbery body absorbs attacks. (AC +1, EV +1)


Message History

You are too injured to fight recklessly!
There are monsters nearby!
You are too injured to fight recklessly!
There are monsters nearby!
You are too injured to fight recklessly!
There are monsters nearby!
You are too injured to fight recklessly!
There are monsters nearby!
Reach: a) +2 spear
Press: ? - help, Dir - move target, f - Sigmund
Aim: Sigmund, wielding a +0 scythe and wearing a +0 robe You reach to attack!
You hit Sigmund but do no damage. You constrict the hound.
The quokka closely misses you.
A jackal comes into view.
Sigmund closely misses you. The hound bites you.
* * * LOW HITPOINT WARNING * * *
The quokka closely misses you.
You take 5 damage, and have 4/26 hp.
You release your grip on the hound.
The hound bites you.
You die...

..#.....#..#..#
#.#...!.#..#h.#
#.#...Jg#..#..#
#.#######..#..#
#..#.r...#.#..#
##..#..h..##..##
....h#######...#
####S@h......#
.....Br@..#### #
########.##
#.#......#.#
#.#+####.#.####
#.......).....#
#........#.##.#
#........#.# #
#........#.#
#........#.#


You could see Sigmund, a hound, an ooze, an adder, a quokka, 3 jackals, a giant
cockroach, a goblin and a rat.

Vanquished Creatures
  An adder (D:2)
  An ooze (D:1)
  A dart slug (D:1)
  A leopard gecko (D:1)
  4 giant cockroaches (D:1)
  3 goblins
  3 hobgoblins (D:1)
  5 kobolds
  6 bats
  A frilled lizard (D:1)
  2 rats (D:1)
28 creatures vanquished.

Notes
Turn   | Place    | Note
-------+----------+-------------------------------------------
     0 | D:1      | kaeus the Octopode Wanderer began the quest for the Orb.
     0 | D:1      | kaeus set off with the following items: a +2 spear, a
                  | potion of lignification; and the following spells available
                  | to memorise: Corpse Rot, Poisonous Vapours
     0 | D:1      | Reached XP level 1. HP: 16/16 MP: 3/3
    54 | D:1      | Reached XP level 2. HP: 21/21 MP: 5/5
   147 | D:1      | Reached skill level 1 in Dodging
   237 | D:1      | Reached XP level 3. HP: 26/26 MP: 6/6
   538 | D:2      | Noticed Sigmund
   555 | D:2      | Slain by a hound

Illustrated notes

Levels and vault maps discovered:
D:1:      doesnt_arrival_eight_statues, layout_basic, kennysheep_doodads
D:2:      layout_basic, okawaru_metal_pillars_1_2, old_standard_altar,
          minmay_3d_cube, uniq_sigmund

Skill      XL: |  1  2 |
---------------+-------+-----
Stealth        | 2 |  2.9
Dodging        | 1 |  1.5
Fighting       | |  3.2
Polearms       | |  2.2
Throwing       | |  1.0
Spellcasting   | |  2.2
Air Magic      | |  1.0

Action                   || total
-------------------------++-------
Melee: Spear             ||    59
       Tentacles         ||     6
       Constrict         ||     9
  Use: Scroll            ||     2
 Stab: Sleeping          ||    15
       Distracted        ||     1
Armor: Skin              ||     2
Dodge: Dodged            ||    30
